 Dungeon Crawl Stone Soup version 0.30-a0-279-g4b46babb21 (webtiles) character file.

Game seed: 11017910895146987304

212 AarnesTheHuman the Shield-Bearer (level 6, -1/47 HPs)
             Began as a Formicid Fighter on Oct 16, 2022.
             Killed by nerve-wracking pain
             ... invoked by Grinder
              (14 damage)
             ... on level 3 of the Dungeon.
             The game lasted 00:04:39 (2376 turns).

AarnesTheHuman the Shield-Bearer (Formicid Fighter) Turns: 2376, Time: 00:04:39

Health: -1/47      AC: 13    Str: 28    XL:     6   Next: 14%
Magic:  6/6        EV:  7    Int:  8    God:
Gold:   129        SH:  5    Dex: 13    Spells: 5/5 levels left

rFire   + . .      SeeInvis +    a - +1 executioner's axe (drain)
rCold   + . .      Faith    .    c - +0 buckler
rNeg    . . .      Spirit   .    t - +1 plate armour {rC+}
rPois   .          Reflect  .    (helmet unavailable)
rElec   .          Harm     .    e - +0 cloak
rCorr   .          Rampage  .    (no gloves)
Will    .....                    (no boots)
Stlth   ..........               (no amulet)
HPRegen 0.27/turn                f - +6 ring of strength
MPRegen 0.10/turn                l - ring of protection from fire

@: no status effects
A: permanent stasis, dig shafts and tunnels, antennae 3, four strong arms
a: Dig, Shaft Self


You were on level 3 of the Dungeon.
You visited 1 branch of the dungeon, and saw 3 of its levels.

You collected 129 gold pieces.

Inventory:

Hand Weapons
 a - a +1 executioner's axe of draining (weapon)
 g - a +2 vampiric dagger
 q - a +0 quarterstaff of protection
Missiles
 p - 13 stones
 s - 5 boomerangs
Armour
 b - a +0 scale mail
 c - a +0 buckler (worn)
 e - a +0 cloak (worn)
 t - a +1 plate armour of cold resistance (worn)
Magical Staves
 o - a staff of cold
Jewellery
 f - a +6 ring of strength (left hand)
 l - a ring of protection from fire (right hand)
 u - a +6 ring of dexterity
Wands
 y - a wand of mindburst (4)
Scrolls
 h - a scroll of teleportation {unknown}
 i - 2 scrolls of blinking
 k - a scroll of magic mapping
 m - 2 scrolls of summoning
 w - 4 scrolls of identify
Potions
 d - 2 potions of might
 j - 2 potions of attraction {unknown}
 n - 3 potions of curing
 r - a potion of lignification {unknown}
 v - a potion of berserk rage {unknown}


   Skills:
 - Level 3.2 Fighting
 + Level 0.0 Axes
 - Level 4.3 Staves
 - Level 3.2 Armour
 + Level 6.5 Shields


You had 5 spell levels left.
You didn't know any spells.
Your spell library contained the following spells:

 Spells                   Type           Power      Damage    Failure   Level
 Summon Ice Beast         Ice/Summ       0%         N/A       100%        4
 Summon Mana Viper        Hex/Summ       0%         N/A       100%        5
 Monstrous Menagerie      Summ           0%         N/A       100%        7


Dungeon Overview and Level Annotations

Branches:
Dungeon (3/15)

Altars:
Cheibriados

Shops:
D:1 *

Annotations:
D:2 1 runed translucent door, Crazy Yiuf
D:3 Grinder


Innate Abilities, Weirdness & Mutations

You cannot be hasted, slowed, berserked, paralysed or teleported.
You can dig through walls and to a lower floor.
You have a pair of large antennae on your head. (SInv)
Your four strong arms can wield two-handed weapons with a shield.


Message History

You slice Grinder!!
Grinder is almost dead.
Grinder gestures at you. Pain shoots through your body!
Grinder barely misses you.
You are too injured to fight recklessly!
You are too injured to fight recklessly!
You barely miss Grinder.
Grinder is almost dead.
Grinder barely misses you. Grinder hits you but does no damage.
You barely miss Grinder.
Grinder is almost dead.
Grinder hits you but does no damage. Grinder gestures at you.
You resist with some effort.
You barely miss Grinder.
Grinder is almost dead.
Grinder hits you but does no damage. x2
You closely miss Grinder.
Grinder is almost dead.
Grinder gestures at you.
Your stasis prevents you from being paralysed.
Grinder gestures at you. You resist with some effort.
You closely miss Grinder.
Grinder is almost dead.
Grinder hits you.
You writhe in agony.
* * * LOW HITPOINT WARNING * * *
Grinder blinks!
You closely miss Grinder.
Grinder is almost dead.
Grinder hits you but does no damage. x2
You closely miss Grinder.
Grinder is almost dead.
Grinder hits you but does no damage. x2
You barely miss Grinder.
Grinder is almost dead.
Grinder hits you but does no damage. Grinder gestures at you.
Pain shoots through your body!
You die...

######### #.......# #..5....#
#..@....# ####### ####.......#
.#....#####..........#
......†....†.........#*
......##.##...........# **
....#..#.#..#..######.#*********,
....##.....##..# *...,,,,,,**,
........_..,...#*** *,..,,,,,,,,,
....##.....##...,,***,,,,,,,,,,*,


You could see Grinder.

Vanquished Creatures
  Natasha (D:3)
  Terence (D:2)
  Robin (D:2)
  4 adders (D:2)
  3 gnolls (D:2)
  A worm (D:2)
  2 dart slugs
  4 ball pythons
  6 bats
  7 endoplasms
  2 giant cockroaches (D:1)
  7 hobgoblins
  4 jackals (D:1)
  5 kobolds (D:1)
  5 frilled lizards
  19 goblins
  2 rats (D:2)
74 creatures vanquished.

Vanquished Creatures (collateral kills)
  A ball python (D:3)
  An endoplasm (D:3)
  A hobgoblin (D:3)
  A kobold (D:3)
4 creatures vanquished.

Grand Total: 78 creatures vanquished

Notes
Turn   | Place    | Note
-------+----------+-------------------------------------------
     0 | D:1      | AarnesTheHuman the Formicid Fighter began the quest for the
                  | Orb.
     0 | D:1      | Reached XP level 1. HP: 18/18 MP: 1/1
   149 | D:1      | Reached XP level 2. HP: 21/24 MP: 2/2
   221 | D:1      | Found Oteu's Assorted Antiques.
   330 | D:1      | Reached XP level 3. HP: 27/29 MP: 3/3
   884 | D:1      | Reached skill level 5 in Shields
  1217 | D:2      | Reached XP level 4. HP: 34/35 MP: 4/4
  1363 | D:2      | Noticed Robin
  1399 | D:2      | Killed Robin
  1400 | D:2      | Reached XP level 5. HP: 9/41 MP: 5/5
  1646 | D:2      | Noticed Terence
  1660 | D:2      | Killed Terence
  1661 | D:2      | Reached skill level 6 in Shields
  2160 | D:2      | Found a runed translucent door.
  2161 | D:2      | Noticed Crazy Yiuf
  2223 | D:3      | Identified a scroll of acquirement
  2223 | D:3      | Acquired a +1 executioner's axe of draining
  2255 | D:3      | Found a snail-covered altar of Cheibriados.
  2282 | D:3      | Noticed Natasha
  2302 | D:3      | Killed Natasha
  2303 | D:3      | Reached XP level 6. HP: 33/47 MP: 6/6
  2360 | D:3      | Noticed Grinder
  2376 | D:3      | Killed from afar by Grinder

Illustrated notes

Levels and vault maps discovered:
D:1:      kennysheep_arrival_forest, layout_loops_ring, serial_shops,
          nicolae_shop_statue_plus, kennysheep_flooded_box,
          minmay_strange_pillars, minivault_5, hangedman_decor_clover_reticule
D:2:      layout_basic, uniq_terence, uniq_crazy_yiuf_cottage, uniq_robin
D:3:      layout_rooms, mainiacjoe_overflow_paths,
          mainiacjoe_overflow_small_starburst, uniq_natasha, uniq_jessica,
          uniq_grinder

Skill      XL: |  1  2  3  4  5 |
---------------+----------------+-----
Shields        | 5 6 |  6.5
Staves         | 3 4 |  4.3
Fighting       | |  3.2
Armour         | |  3.2

Action                   |  1- 3 |  4- 6 || total
-------------------------+-------+-------++-------
Melee: Quarterstaff      |    83 |   131 ||   214
       Executioner's axe |       |    38 ||    38
  Use: Scroll            |       |     7 ||     7
Armor: Scale mail        |    41 |    33 ||    74
       Plate armour      |       |    78 ||    78
Dodge: Dodged            |    33 |    76 ||   109
Block: Buckler           |    19 |    46 ||    65

Table legend: (Time is in decaauts)
 A = Elapsed time spent in this place.
 B = Non-inter-level travel time spent in this place.
 C = Inter-level travel time spent in this place.
 D = Time resting spent in this place.
 E = Time spent auto-exploring this place.
 F = Levels seen in this place.
 G = Mean time per level.
                   A        B        C        D        E       F      G
               +--------+--------+--------+--------+--------+-----+--------+
         Total |   2445 |   2291 |    154 |    114 |   1556 |   3 |  815.0 |
       Dungeon |   2445 |   2291 |    154 |    114 |   1556 |   3 |  815.0 |
               +--------+--------+--------+--------+--------+-----+--------+

Top non-repeatable levels by time:
     D:1: 1230 daAuts
     D:2: 1002 daAuts
     D:3: 211 daAuts
